% Time on Ice - SAN DIEGO THUNDER
Lines # - Real PCT - Wanted PCT - Time Play
Normal Forward
1 - 35% - 36% - 16:17
2 - 28% - 31% - 12:56
3 - 24% - 23% - 11:16
4 - 12% - 10% - 5:34
Normal Defense
1 - 36% - 36% - 16:47
2 - 31% - 31% - 14:26
3 - 30% - 23% - 13:42
4 - 2% - 10% - 1:08
PP Forward
1 - 52% - 55% - 2:55
2 - 48% - 45% - 2:40
PP Defense
1 - 45% - 55% - 2:30
2 - 55% - 45% - 3:05
PK Forward
1 - 53% - 55% - 4:28
2 - 47% - 45% - 3:54
PK Defense
1 - 50% - 55% - 4:12
2 - 50% - 45% - 4:10
PK3 Forward
1 - 0% - 55%
2 - 0% - 45%
PK3 Defense
1 - 0% - 55%
2 - 0% - 45%
44 Forward
1 - 0% - 55%
2 - 0% - 45%
44 Defense
1 - 0% - 55%
2 - 0% - 45%
Last Minute Offensive  - 0:00
Last Minute Defensive  - 0:00
Total
Forward - 60:00
Defense - 60:00
% Time on Ice - VICTORIA GLADIATORS
Lines # - Real PCT - Wanted PCT - Time Play
Normal Forward
1 - 32% - 36% - 14:56
2 - 30% - 33% - 13:36
3 - 23% - 24% - 10:42
4 - 15% - 7% - 6:49
Normal Defense
1 - 36% - 40% - 16:42
2 - 33% - 35% - 15:25
3 - 29% - 25% - 13:12
4 - 2% - 0% - 0:44
PP Forward
1 - 61% - 60% - 5:04
2 - 39% - 40% - 3:18
PP Defense
1 - 57% - 60% - 4:47
2 - 43% - 40% - 3:35
PK Forward
1 - 73% - 60% - 4:06
2 - 27% - 40% - 1:29
PK Defense
1 - 50% - 60% - 2:49
2 - 50% - 40% - 2:46
PK3 Forward
1 - 0% - 55%
2 - 0% - 45%
PK3 Defense
1 - 0% - 55%
2 - 0% - 45%
44 Forward
1 - 0% - 52%
2 - 0% - 48%
44 Defense
1 - 0% - 52%
2 - 0% - 48%
Last Minute Offensive  - 0:00
Last Minute Defensive  - 0:00
Total
Forward - 60:00
Defense - 60:00
Play-by-Play 1st period 0:01 of 1st period - Drake Batherson wins face-off versus Brad Marchand in neutral zone. 0:03 of 1st period - Off-side. 0:04 of 1st period - Adam Lowry wins face-off versus Wyatt Johnston in neutral zone. 0:11 of 1st period - Alex Iafallo is hit by Jake Neighbours and loses puck. 1:50 of 1st period - Off-side. 1:51 of 1st period - Steven Lorentz wins face-off versus Noel Acciari in neutral zone. 2:27 of 1st period - Shot by Steven Lorentz. 2:27 of 1st period - Shot Blocked by Jan Rutta. 3:15 of 1st period - Shot by Frank Vatrano. 3:15 of 1st period - Stopped by Jake Oettinger without a rebound. 3:16 of 1st period - Mark Kastelic wins face-off versus Mason Appleton in VICTORIA GLADIATORS zone. 3:19 of 1st period - Shot by Michael Pezzetta. 3:19 of 1st period - Shot Blocked by Brandon Montour. 3:33 of 1st period - Charles McAvoy is hit by Mason Appleton and loses puck. 4:05 of 1st period - Icing by Michael Pezzetta. 4:06 of 1st period - Mark Kastelic wins face-off versus Nick Foligno in SAN DIEGO THUNDER zone. 4:13 of 1st period - Shot by Alex Iafallo. 4:13 of 1st period - Shot Misses the Net. 4:29 of 1st period - Alex Iafallo is hit by Drake Batherson and loses puck. 5:16 of 1st period - Derek Forbort is hit by Nick Foligno and loses puck. 5:47 of 1st period - Shot by Brad Marchand. 5:47 of 1st period - Shot Misses the Net. 6:34 of 1st period - Shot by Kasperi Kapanen. 6:34 of 1st period - Shot Misses the Net. 6:38 of 1st period - Shot by Barclay Goodrow. 6:38 of 1st period - Stopped by Akira Schmid without a rebound. 6:39 of 1st period - Drake Batherson wins face-off versus Mason Appleton in SAN DIEGO THUNDER zone. 7:06 of 1st period - Shot by Mason Appleton. 7:06 of 1st period - Stopped by Akira Schmid without a rebound. 7:07 of 1st period - Noel Acciari wins face-off versus Steven Lorentz in SAN DIEGO THUNDER zone. 7:10 of 1st period - Shot by Barclay Goodrow. 7:10 of 1st period - Shot Misses the Net. 7:26 of 1st period - Shot by Filip Zadina. 7:26 of 1st period - Shot Blocked by Brandon Montour. 9:14 of 1st period - Shot by Nick Foligno. 9:14 of 1st period - Stopped by Akira Schmid without a rebound. 9:15 of 1st period - Adam Lowry wins face-off versus Mark Kastelic in SAN DIEGO THUNDER zone. 10:19 of 1st period - Alex Iafallo is hit by Connor Murphy. 10:33 of 1st period - Shot by Matthew Nieto. 10:33 of 1st period - Shot Blocked by Derek Forbort. 10:35 of 1st period - Shot by Brandon Montour. 10:35 of 1st period - Shot Blocked by Derek Forbort. 10:38 of 1st period - Matthew Nieto is hit by Connor Murphy and loses puck. 11:16 of 1st period - Brad Marchand is hit by Connor Murphy and loses puck. 11:28 of 1st period - Andre Burakovsky is hit by Derek Forbort and loses puck. 11:30 of 1st period - Minor Penalty to Derek Forbort for Tripping. 11:31 of 1st period - Mikael Granlund wins face-off versus Drake Batherson in SAN DIEGO THUNDER zone. 11:36 of 1st period - Shot by Andre Burakovsky. 11:36 of 1st period - Stopped by Akira Schmid without a rebound. 11:37 of 1st period - Mikael Granlund wins face-off versus Drake Batherson in SAN DIEGO THUNDER zone. 11:56 of 1st period - Shot by Andre Burakovsky. 11:56 of 1st period - Stopped by Akira Schmid without a rebound. 11:57 of 1st period - Adam Lowry wins face-off versus Drake Batherson in SAN DIEGO THUNDER zone. 12:04 of 1st period - Shot by Alex Iafallo. 12:04 of 1st period - Deflect By Kasperi Kapanen. 12:04 of 1st period - Stopped by Akira Schmid with a rebound. 12:06 of 1st period - Shot by Adam Lowry. 12:06 of 1st period - Shot Misses the Net. 12:08 of 1st period - Shot by Adam Lowry. 12:08 of 1st period - Shot Blocked by Charles McAvoy. 12:10 of 1st period - Shot by Alex Iafallo. 12:10 of 1st period - Shot Misses the Net. 12:12 of 1st period - Shot by Alex Iafallo. 12:12 of 1st period - Shot Misses the Net. 12:14 of 1st period - Shot by Brandon Montour. 12:14 of 1st period - Stopped by Akira Schmid without a rebound. 12:15 of 1st period - Drake Batherson wins face-off versus Andre Burakovsky in SAN DIEGO THUNDER zone. 13:36 of 1st period - Icing by Derek Forbort. 13:37 of 1st period - Mark Kastelic wins face-off versus Mason Appleton in SAN DIEGO THUNDER zone. 14:21 of 1st period - Icing by Niko Mikkola. 14:22 of 1st period - Drake Batherson wins face-off versus Mason Appleton in VICTORIA GLADIATORS zone. 14:44 of 1st period - Off-side. 14:45 of 1st period - Jake Neighbours wins face-off versus Mikael Granlund in neutral zone. 14:50 of 1st period - Shot by Joel Farabee. 14:50 of 1st period - Shot Misses the Net. 15:00 of 1st period - Shot by Joel Farabee. 15:00 of 1st period - Shot Misses the Net. 15:32 of 1st period - Shot by Mikael Granlund. 15:32 of 1st period - Deflect By Andre Burakovsky. 15:32 of 1st period - Stopped by Akira Schmid with a rebound. 15:58 of 1st period - Shot by Frank Vatrano. 15:58 of 1st period - Stopped by Jake Oettinger with a rebound. 16:00 of 1st period - Shot by Charles McAvoy. 16:00 of 1st period - Shot Blocked by Chris Tanev. 17:05 of 1st period - Frank Vatrano is hit by Niko Mikkola and loses puck. 17:14 of 1st period - Shot by Noel Acciari. 17:14 of 1st period - Shot Blocked by Erik Cernak. 17:29 of 1st period - Icing by Barclay Goodrow. 17:30 of 1st period - Noel Acciari wins face-off versus Steven Lorentz in VICTORIA GLADIATORS zone. 17:30 of 1st period - Noel Acciari is hit by Elmer Soderblom. 18:27 of 1st period - Minor Penalty to Derek Forbort for Hooking. 18:28 of 1st period - Mikael Granlund wins face-off versus Joel Farabee in SAN DIEGO THUNDER zone. 18:35 of 1st period - Shot by Brandon Montour. 18:35 of 1st period - Shot Misses the Net. 18:55 of 1st period - Shot by Brandon Montour. 18:55 of 1st period - Stopped by Akira Schmid without a rebound. 18:56 of 1st period - Adam Lowry wins face-off versus Drake Batherson in SAN DIEGO THUNDER zone. Goals for this period are 0 for SAN DIEGO THUNDER vs 0 for VICTORIA GLADIATORS. Shots for this period are 2 for SAN DIEGO THUNDER vs 9 for VICTORIA GLADIATORS. 2nd period 0:01 of 2nd period - Mikael Granlund wins face-off versus Drake Batherson in neutral zone. 0:16 of 2nd period - Shot by Brandon Montour. 0:16 of 2nd period - Stopped by Akira Schmid with a rebound. 0:18 of 2nd period - Shot by Alex Iafallo. 0:18 of 2nd period - Stopped by Akira Schmid without a rebound. 0:19 of 2nd period - Adam Lowry wins face-off versus Drake Batherson in SAN DIEGO THUNDER zone. 1:21 of 2nd period - Icing by Jan Rutta. 1:22 of 2nd period - Mason Appleton wins face-off versus Drake Batherson in VICTORIA GLADIATORS zone. 1:34 of 2nd period - Icing by Jan Rutta. 1:35 of 2nd period - Steven Lorentz wins face-off versus Mason Appleton in VICTORIA GLADIATORS zone. 1:47 of 2nd period - Icing by Niko Mikkola. 1:48 of 2nd period - Mason Appleton wins face-off versus Frank Vatrano in VICTORIA GLADIATORS zone. 2:19 of 2nd period - Shot by Drake Batherson. 2:19 of 2nd period - Shot Blocked by Brandon Montour. 2:38 of 2nd period - Off-side. 2:39 of 2nd period - Adam Lowry wins face-off versus Steven Lorentz in neutral zone. 3:02 of 2nd period - Shot by Alex Iafallo. 3:02 of 2nd period - Stopped by Akira Schmid without a rebound. 3:03 of 2nd period - Mikael Granlund wins face-off versus Wyatt Johnston in SAN DIEGO THUNDER zone. 3:39 of 2nd period - Icing by Derek Forbort. 3:40 of 2nd period - Adam Lowry wins face-off versus Wyatt Johnston in SAN DIEGO TH